 Dungeon Crawl Stone Soup version 0.27-a0-1500-g450c7e4133 (webtiles) character file.

Game seed: 483931030147789827

19 lunkers the Magician (level 2, -2/23 HPs)
             Began as a Djinni Warper on July 7, 2021.
             Slain by a worm (11 damage)
             ... on level 2 of the Dungeon.
             The game lasted 00:03:32 (1019 turns).

lunkers the Magician (Djinni Warper)                Turns: 1019, Time: 00:03:32

Health: -2/23      AC:  3    Str: 10    XL:     2   Next: 95%
Gold:   24         EV: 11    Int: 14    God:
                   SH:  0    Dex: 12

rFire    + + .     SeeInvis .     - Unarmed
rCold    x . .     Faith    .   (no shield)
rNeg     . . .     Spirit   .   a - +0 leather armour
rPois    ∞         Reflect  .   (no helmet)
rElec    .         Harm     .   (no cloak)
rCorr    .         Rampage  .   (no gloves)
Will     .....                  (boots unavailable)
Stlth    +.........             (no amulet)
HPRegen  0.07/turn              (no ring)
MPRegen  0.00/turn              (no ring)

@: flying
A: sickness immunity, fire resistance 2, cold vulnerability 1, float, innate
caster, hp casting, extra vitality 1
a: no special abilities


You were on level 2 of the Dungeon.
You visited 1 branch of the dungeon, and saw 3 of its levels.

You collected 24 gold pieces.

Inventory:

Missiles
 c - 5 boomerangs of dispersal
Armour
 a - a +0 leather armour (worn)
Scrolls
 b - a scroll of blinking
 e - a scroll of noise {unknown}
 f - a scroll of holy word {unknown}
Potions
 d - a potion of heal wounds {unknown}
 g - a potion of brilliance {unknown}


   Skills:
 - Level 2.0 Fighting
 - Level 0.7 Throwing
 - Level 1.0 Armour
 - Level 2.1 Dodging
 + Level 2.6 Unarmed Combat
 + Level 2.8 Spellcasting


You couldn't memorise any spells.
You knew the following spells:

 Your Spells              Type           Power      Damage    Failure   Level
b - Lesser Beckoning      Tloc           4%         N/A       28%         3
c - Gell's Gravitas       Tloc           4%         N/A       28%         3
d - Teleport Other        Tloc           9%         N/A       28%         3
e - Manifold Assault      Tloc           9%         N/A       95%         5
p - Blink                 Tloc           N/A        N/A       14%         2
Your spell library was empty.

Dungeon Overview and Level Annotations

Branches:
Dungeon (3/15)

Altars:


Innate Abilities, Weirdness & Mutations

You are immune to sickness and miasma.
You are immune to poison.
Your flesh is very heat resistant. (rF++)
You are vulnerable to cold. (rC-)
You float through the air rather than walking.
You learn spells naturally, not from books.
Your magical power is your life essence.
You have superior vitality. (+4 HP)


Message History

You start resting.
A worm is nearby!
A worm is nearby!
A worm is nearby!
A worm is nearby!
You start resting.
A worm is nearby!
A worm is nearby!
You start resting.
A worm is nearby!
You start resting.
A worm is nearby!
You start resting.
A worm is nearby!
You start resting.
A worm is nearby!
You start resting.
A worm is nearby!
You start resting.
A worm is nearby!
You start resting.
A worm is nearby!
Cast which spell? (? or * to list)
Okay, then.
A worm is nearby!
You hit the worm.
The worm is lightly wounded.
You hit the worm.
The worm is moderately wounded.
The worm closely misses you.
You hit the worm but do no damage.
The worm is moderately wounded.
The worm bites you!
* * * LOW HITPOINT WARNING * * *
You hit the worm but do no damage.
The worm is moderately wounded.
You hit the worm.
The worm is heavily wounded.
The worm bites you!
You die...

#.. ####.#
..#.# #.#.#
#.#.###.# ..
#..:....# ...#
#.#.#####
.....##w#.#
..#...@..#####
#..........>..#
#..####.#####.#
#. #.# # #.#
#.# #.# ... ..


You could see a worm.

Vanquished Creatures
  A ball python (D:1)
  2 endoplasms
  3 giant cockroaches (D:1)
  A goblin (D:1)
  4 hobgoblins (D:1)
  2 bats (D:1)
  A frilled lizard (D:1)
  2 rats (D:1)
16 creatures vanquished.

Vanquished Creatures (others)
  2 plants (D:1)
2 creatures vanquished.

Grand Total: 18 creatures vanquished

Notes
Turn   | Place    | Note
-------+----------+-------------------------------------------
     0 | D:1      | lunkers the Djinni Warper began the quest for the Orb.
     0 | D:1      | Reached XP level 1. HP: 18/18 MP: 0/0
   195 | D:1      | Reached XP level 2. HP: 9/23 MP: 0/0
   757 | D:1      | HP: 1/23 [endoplasm (1)]
  1019 | D:2      | Slain by a worm

Illustrated notes

Levels and vault maps discovered:
D:1:      wander_arrival_fairy_ring, layout_rooms
D:2:      layout_loops_ring, shapermc_ecumenical_altar_flowoftime, basic_altar
D:3:      layout_loops_corners, chequers_temple_overflow_statue_of_worship,
          serial_shops, shop_fountains, minmay_distorted

Action                   || total
-------------------------++-------
Melee: Unarmed           ||    81
Armor: Leather armour    ||    25
Dodge: Dodged            ||    55

Table legend: (Time is in decaauts)
 A = Elapsed time spent in this place.
 B = Non-inter-level travel time spent in this place.
 C = Inter-level travel time spent in this place.
 D = Time resting spent in this place.
 E = Time spent auto-exploring this place.
 F = Levels seen in this place.
 G = Mean time per level.
                   A        B        C        D        E       F      G
               +--------+--------+--------+--------+--------+-----+--------+
         Total |   1015 |   1015 |      0 |    561 |    173 |   3 |  338.3 |
       Dungeon |   1015 |   1015 |      0 |    561 |    173 |   3 |  338.3 |
               +--------+--------+--------+--------+--------+-----+--------+

Top non-repeatable levels by time:
     D:1: 778 daAuts
     D:2: 196 daAuts
     D:3: 40 daAuts
